 Dungeon Crawl Stone Soup version 0.28-a0-1087-gf3fc490d9d (webtiles) character file.

Game seed: 3279114913310801236

282 fragbeetle the Chucker (level 6, 0/59 HPs)
             Began as a Troll Hunter on Dec 10, 2021.
             Succumbed to an orc's poison
             ... on level 3 of the Dungeon.
             The game lasted 00:07:52 (1617 turns).

fragbeetle the Chucker (Troll Hunter)               Turns: 1617, Time: 00:07:52

Health: 0/59       AC:  4    Str: 18 (21) XL:     6   Next: 6%
Magic:  5/5        EV: 10    Int:  4 (7)  God:
Gold:   103        SH:  0    Dex:  9 (12) Spells: 5/5 levels left

rFire   . . .      SeeInvis .   p - +0 hand axe
rCold   . . .      Faith    .   (no shield)
rNeg    . . .      Spirit   .   b - +0 robe
rPois   .          Reflect  .   (helmet restricted)
rElec   .          Harm     .   (no cloak)
rCorr   .          Rampage  .   (gloves unavailable)
Will    .....                   (boots unavailable)
Stlth   +.........              (no amulet)
HPRegen 0.99/turn               k - ring of flight
MPRegen 0.09/turn               (no ring)

@: lethally poisoned (0 -> -13), flying
A: large, unfitting armour, claws 3, regeneration 1, shaggy fur 1, tough skin 1
a: no special abilities


You were on level 3 of the Dungeon.
You visited 1 branch of the dungeon, and saw 3 of its levels.

You collected 103 gold pieces.

Inventory:

Hand Weapons
 a - a +0 short sword
 p - a +0 hand axe (weapon)
 s - a +0 club
Missiles
 c - 3 large rocks (quivered)
 d - 2 throwing nets
Armour
 b - a +0 robe (worn)
Jewellery
 h - an amulet of magic regeneration
 k - a ring of flight (left claw)
 v - an amulet of faith
Scrolls
 f - 3 scrolls of identify {unknown}
 i - a scroll of blinking {unknown}
 j - a scroll of noise {unknown}
 l - 2 scrolls of brand weapon {unknown}
 n - a scroll of enchant armour {unknown}
 u - a scroll of magic mapping {unknown}
Potions
 e - a potion of haste {unknown}
 g - a potion of degeneration
 m - a potion of magic {unknown}
 o - a potion of attraction {unknown}
 q - a potion of lignification {unknown}
 r - a potion of flight {unknown}
 t - a potion of ambrosia {unknown}


   Skills:
 * Level 2.9 Fighting
 - Level 1.1 Short Blades
 + Level 0.4 Axes
 * Level 5.3 Throwing
 + Level 2.3 Dodging
 + Level 0.7 Stealth


You had 5 spell levels left.
You didn't know any spells.
Your spell library was empty.

Dungeon Overview and Level Annotations

Branches:
Dungeon (3/15)

Altars:
Elyvilon


Innate Abilities, Weirdness & Mutations

You are too large for most types of armour.
You have claws for hands.
Your natural rate of healing is unusually fast.
You are covered in fur. (AC +1)
You have tough skin. (AC +1)


Message History

The adder poisons you!
You miss the adder.
You feel sick. The adder bites you.
You barely miss the adder.
You feel sick. The adder closely misses you. The adder barely misses you.
The orc shouts!
You hit the adder.
The adder is heavily wounded.
You feel sick. The adder closely misses you.
The adder bites you but does no damage.
You closely miss the adder.
The adder is heavily wounded.
You feel sick.
You are no longer poisoned.
The adder bites you.
You slash the adder!
You kill the adder!
An orc priest comes into view. It is wielding a +0 club.
The orc hits you from afar with a +4 trident of venom.
You are poisoned.
You feel sick. The orc completely misses you.
Items here: ( ))) [[ †††.
You barely miss the orc.
You feel sick. The orc closely misses you.
You completely miss the orc.
You feel sick.
The orc hits you with a +4 trident of venom!
You are more poisoned.
You completely miss the orc.
You feel very sick.
The orc hits you with a +4 trident of venom!
You hit the orc.
The orc is heavily wounded.
You feel very sick.
The orc hits you with a +4 trident of venom!
* * * LOW HITPOINT WARNING * * *
You are lethally poisoned!
The orc hits you with a +4 trident of venom!
* * * LOW HITPOINT WARNING * * *
It was a potion of degeneration.
There was something very wrong with that liquid.
You feel weakened.
You feel dopey.
You feel clumsy.
You die...

#### ... # #.. #
#o# ########## #o#
.......>.## #@#
########..######.#
##......#.####..
######....).....
###.####... #<#
#.. ...# .###


You could see an orc priest and an orc.

Vanquished Creatures
  A necrophage (D:3)
  Natasha (thrice) (D:2)
  Terence (D:2)
  4 adders
  A worm (D:2)
  A dart slug (D:1)
  4 orcs (D:3)
  4 ball pythons
  5 endoplasms
  4 goblins
  5 hobgoblins
  A kobold (D:1)
  4 quokkas
  6 bats
  7 frilled lizards
  4 rats
55 creatures vanquished.

Notes
Turn   | Place    | Note
-------+----------+-------------------------------------------
     0 | D:1      | fragbeetle the Troll Hunter began the quest for the Orb.
     0 | D:1      | Reached XP level 1. HP: 19/19 MP: 0/0
    47 | D:1      | Reached skill level 4 in Throwing
    87 | D:1      | Reached XP level 2. HP: 27/27 MP: 1/1
   769 | D:2      | Reached XP level 3. HP: 35/35 MP: 2/2
   769 | D:2      | Noticed Natasha
   774 | D:2      | Killed Natasha
   913 | D:2      | Noticed Natasha
   923 | D:2      | Killed Natasha
   924 | D:2      | Reached XP level 4. HP: 19/42 MP: 3/3
  1057 | D:2      | Reached skill level 1 in Short Blades
  1086 | D:2      | Noticed Terence
  1096 | D:2      | Killed Terence
  1241 | D:2      | Noticed Natasha
  1248 | D:2      | Killed Natasha
  1249 | D:2      | Reached skill level 5 in Throwing
  1249 | D:2      | Reached XP level 5. HP: 48/49 MP: 4/4
  1462 | D:3      | Noticed a necrophage
  1488 | D:3      | Found a white marble altar of Elyvilon.
  1499 | D:3      | Killed a necrophage
  1588 | D:3      | Reached XP level 6. HP: 46/59 MP: 5/5
  1617 | D:3      | Succumbed to an orc's poison

Illustrated notes

Levels and vault maps discovered:
D:1:      minmay_arrival_four_circles, layout_basic
D:2:      layout_basic, uniq_natasha, uniq_terence
D:3:      layout_rooms, elyvilon_altar_5, cheibrodos_sewer_entry_drain,
          minmay_starry_boxes

Skill      XL: |  1  2  3  4 |
---------------+-------------+-----
Throwing       | 4 5 |  5.3
Fighting       | 2 |  2.9
Short Blades   | 1 |  1.1
Dodging        | 2 |  2.3
Axes           | |  0.4
Stealth        | |  0.7

Action                   |  1- 3 |  4- 6 || total
-------------------------+-------+-------++-------
Melee: Short sword       |    65 |    20 ||    85
       Hand axe          |       |    71 ||    71
Throw: Large rock        |    31 |    12 ||    43
  Use: Potion            |       |     1 ||     1
 Stab: Sleeping          |     1 |       ||     1
Armor: Robe              |    51 |    34 ||    85
Dodge: Dodged            |    55 |    64 ||   119

Table legend: (Time is in decaauts)
 A = Elapsed time spent in this place.
 B = Non-inter-level travel time spent in this place.
 C = Inter-level travel time spent in this place.
 D = Time resting spent in this place.
 E = Time spent auto-exploring this place.
 F = Levels seen in this place.
 G = Mean time per level.
                   A        B        C        D        E       F      G
               +--------+--------+--------+--------+--------+-----+--------+
         Total |   1711 |   1676 |     35 |     23 |    932 |   3 |  570.3 |
       Dungeon |   1711 |   1676 |     35 |     23 |    932 |   3 |  570.3 |
               +--------+--------+--------+--------+--------+-----+--------+

Top non-repeatable levels by time:
     D:2: 738 daAuts
     D:1: 738 daAuts
     D:3: 234 daAuts
